[Event "TePe Sigeman & Co Chess Tournament 2024"]
[Site "Elite Plaza Hotel, Gustav Adolfs Torg 49, Malmo, Sweden"]
[Date "2024.04.27"]
[Round "1.1"]
[White "Maurizzi, Marc'Andria"]
[Black "Keymer, Vincent"]
[Result "0-1"]
[TimeControl "90 minutes for 40 moves + 30 minutes for the rest of the game + 30 seconds per move from move one. (Tiebreak rounds 8-12: 3 minutes + 2 seconds increment)"]
[WhiteTitle "GM"]
[BlackTitle "GM"]
[WhiteFideId "36083534"]
[BlackFideId "12940690"]
[WhiteElo "2605"]
[BlackElo "2726"]

1. d4 Nf6 2. c4 e6 3. Nf3 d5 4. Nc3 c6 5. Bg5 h6 6. Bxf6 Qxf6 7. a3 dxc4 8. e3 b5 9. Ne5 Bd6 10.
Ne4 Qe7 11. Qh5 Bc7 12. f4 Bb7 13. Nc5 Bd6 14. Ne4 O-O 15. g4 c5 16. Bg2 cxd4 17. g5 Bxe5 18. gxh6 Nd7 19. fxe5 g6 20.
Qh3 Nxe5 21. O-O Bxe4 22. Bxe4 Qg5+ 23. Kh1 Rad8 24. Rg1 Qxe3 25. Qh4 Kh7 26. Raf1 Qxh6 27. Qe7 Qg7 28. Rg5 f5 29. Qxe6 Rde8 0-1

[Event "TePe Sigeman & Co Chess Tournament 2024"]
[Site "Elite Plaza Hotel, Gustav Adolfs Torg 49, Malmo, Sweden"]
[Date "2024.04.27"]
[Round "1.2"]
[White "Korobov, Anton"]
[Black "Abdusattorov, Nodirbek"]
[Result "1-0"]
[TimeControl "90 minutes for 40 moves + 30 minutes for the rest of the game + 30 seconds per move from move one. (Tiebreak rounds 8-12: 3 minutes + 2 seconds increment)"]
[WhiteTitle "GM"]
[BlackTitle "GM"]
[WhiteFideId "14105730"]
[BlackFideId "14204118"]
[WhiteElo "2651"]
[BlackElo "2765"]

1. c4 e5 2. Nc3 Bb4 3. Qb3 a5 4. g3 Nf6 5. Bg2 O-O 6. Nf3 Nc6 7. O-O Re8 8. d3 Nd4 9. Nxd4 exd4 10.
Ne4 Nxe4 11. dxe4 Bc5 12. Qd3 Qe7 13. b3 d6 14. Bb2 f5 15. Bxd4 fxe4 16. Qc3 b6 17. Rad1 Bb7 18. e3 h5 19.
Qb2 h4 20. Bc3 c6 21. a3 d5 22. b4 Bd6 23. cxd5 cxd5 24. Rd2 Rec8 25. Rfd1 axb4 26. Bxb4 Bxb4 27. axb4 Rc4 28. Rd4 Rac8 29.
Rxc4 dxc4 30. Qd4 Qe6 31. b5 c3 32. Rc1 Qf6 33. Qd7 Qf7 34. Qd4 Rc5 35. Qd8+ Qf8 36. Qxb6 Qe7 37. Qa5 Qd7 38.
Qa2+ Kh8 39. Bf1 Rc8 40. Qb3 Qd2 41. Rc2 Qe1 42. Qf7 Ba8 43. Qd7 Rf8 44. Qc7 Qd1 45. Qxc3 Rd8 46. Rc1 Qf3 47.
Qb2 Bd5 48. b6 Rf8 49. Rc7 1-0

[Event "TePe Sigeman & Co Chess Tournament 2024"]
[Site "Elite Plaza Hotel, Gustav Adolfs Torg 49, Malmo, Sweden"]
[Date "2024.04.27"]
[Round "1.3"]
[White "Erigaisi, Arjun"]
[Black "Ju, Wenjun"]
[Result "1-0"]
[TimeControl "90 minutes for 40 moves + 30 minutes for the rest of the game + 30 seconds per move from move one. (Tiebreak rounds 8-12: 3 minutes + 2 seconds increment)"]
[WhiteTitle "GM"]
[BlackTitle "GM"]
[WhiteFideId "35009192"]
[BlackFideId "8603006"]
[WhiteElo "2756"]
[BlackElo "2559"]

1. Nf3 d5 2. g3 Nf6 3. Bg2 g6 4. d4 Bg7 5. c4 dxc4 6. O-O O-O 7. Na3 c5 8. Nxc4 Be6 9. Nfe5 Qc8 10.
Bd2 Bd5 11. Rc1 Bxg2 12. Kxg2 cxd4 13. Nb6 Qe6 14. Nxa8 Qxe5 15. Qb3 Qxe2 16. Bg5 b6 17. Nc7 Nbd7 18. Rfe1 Qg4 19. Bxf6 exf6 20.
h3 Qg5 21. Qb5 Rd8 22. Re8+ Rxe8 23. Qxg5 fxg5 24. Nxe8 Nc5 25. Nxg7 Kxg7 26. b4 Ne6 27. Rc8 Kf6 28. Kf3 Ke5 29.
Ra8 Kd5 30. Rxa7 1-0

[Event "TePe Sigeman & Co Chess Tournament 2024"]
[Site "Elite Plaza Hotel, Gustav Adolfs Torg 49, Malmo, Sweden"]
[Date "2024.04.27"]
[Round "1.4"]
[White "Svidler, Peter"]
[Black "Grandelius, Nils"]
[Result "1/2-1/2"]
[TimeControl "90 minutes for 40 moves + 30 minutes for the rest of the game + 30 seconds per move from move one. (Tiebreak rounds 8-12: 3 minutes + 2 seconds increment)"]
[WhiteTitle "GM"]
[BlackTitle "GM"]
[WhiteFideId "4102142"]
[BlackFideId "1710400"]
[WhiteElo "2689"]
[BlackElo "2664"]

1. e4 e5 2. Nf3 Nc6 3. Bc4 Nf6 4. d3 h6 5. a4 Bc5 6. a5 a6 7. c3 O-O 8. O-O Ba7 9. Re1 d6 10.
h3 Kh8 11. Nbd2 Nh7 12. Bb3 Ng5 13. Nf1 Nxf3+ 14. Qxf3 f5 15. Be3 fxe4 16. Qxe4 Bf5 17. Qc4 Bh7 18. Bxa7 Rxa7 19. Ng3 Ra8 20.
Bc2 Rf4 21. Qb3 Rb8 22. d4 Bg8 23. d5 b6 24. axb6 Rxb6 25. Qa2 Ne7 26. c4 c6 27. Be4 cxd5 28. cxd5 Qb8 29. Re2 Qb7 30.
Rd1 Rf8 31. Red2 Rb3 32. Nf1 Qb6 33. Kh2 Rb5 34. f3 Rb8 35. Rc2 Ra5 36. Qc4 Rc5 37. Qe2 Nxd5 38. Rxc5 Qxc5 39. Bxd5 Bxd5 40.
Qd2 Bf7 41. Qxd6 1/2-1/2

[Event "TePe Sigeman & Co Chess Tournament 2024"]
[Site "Elite Plaza Hotel, Gustav Adolfs Torg 49, Malmo, Sweden"]
[Date "2024.05.02"]
[Round "6.1"]
[White "Maurizzi, Marc'Andria"]
[Black "Ju, Wenjun"]
[Result "1/2-1/2"]
[TimeControl "90 minutes for 40 moves + 30 minutes for the rest of the game + 30 seconds per move from move one. (Tiebreak rounds 8-12: 3 minutes + 2 seconds increment)"]
[WhiteTitle "GM"]
[BlackTitle "GM"]
[WhiteFideId "36083534"]
[BlackFideId "8603006"]
[WhiteElo "2605"]
[BlackElo "2559"]

1. e4 e5 2. Nf3 Nf6 3. Nxe5 d6 4. Nf3 Nxe4 5. d4 d5 6. Bd3 Bf5 7. O-O Be7 8. Re1 O-O 9. Nbd2 Nd6 10.
Nf1 Bxd3 11. Qxd3 c6 12. Bf4 Na6 13. Ne3 Nc7 14. Bxd6 Bxd6 15. Nf5 g6 16. Nxd6 Qxd6 17. Ne5 Rae8 18.
h4 f6 19. Nf3 Qd7 20. g3 Nb5 21. h5 g5 22. Nh2 Nd6 23. Kg2 Qf5 24. Qxf5 Nxf5 25. Ng4 Kg7 26. c3 Nd6 27. f3 Rxe1 28.
Rxe1 Re8 29. Rxe8 Nxe8 30. Ne3 Nd6 31.
g4 f5 32. Kf2 Kf6 33. Ke2 Ke6 34. Kd3 fxg4 35. fxg4 Ne4 36. a4 Nf2+ 37. Ke2 Ne4 38. Kd3 Nf2+ 39. Ke2 Ne4 40. Kd3 Nf2+ 1/2-1/2

[Event "TePe Sigeman & Co Chess Tournament 2024"]
[Site "Elite Plaza Hotel, Gustav Adolfs Torg 49, Malmo, Sweden"]
[Date "2024.05.02"]
[Round "6.2"]
[White "Korobov, Anton"]
[Black "Grandelius, Nils"]
[Result "1-0"]
[TimeControl "90 minutes for 40 moves + 30 minutes for the rest of the game + 30 seconds per move from move one. (Tiebreak rounds 8-12: 3 minutes + 2 seconds increment)"]
[WhiteTitle "GM"]
[BlackTitle "GM"]
[WhiteFideId "14105730"]
[BlackFideId "1710400"]
[WhiteElo "2651"]
[BlackElo "2664"]

1. e4 e5 2. Nf3 Nc6 3. Nc3 Nf6 4. h3 g6 5. Bc4 Bg7 6. d3 d6 7. a4 O-O 8. O-O h6 9. a5 a6 10.
Nd5 Nxd5 11. Bxd5 Kh7 12. c3 f5 13. Re1 Qf6 14. b4 Ne7 15. Bb3 g5 16. exf5 Bxf5 17. d4 e4 18. Nh2 Ng6 19.
Ra2 Rae8 20. f3 exf3 21. Nxf3 Rxe1+ 22. Qxe1 Kh8 23. Rf2 Qd8 24. Qd1 g4 25. hxg4 Bxg4 26. Qf1 Qe7 27. Bd2 Qe4 28.
Ne1 Rxf2 29. Qxf2 Qf5 30. Qe3 d5 31. Bc2 Qf7 32. Qg3 Bf5 33. Bxf5 Qxf5 34. Qxc7 Qe4 35. Nf3 Kh7 36. Qxb7 1-0

[Event "TePe Sigeman & Co Chess Tournament 2024"]
[Site "Elite Plaza Hotel, Gustav Adolfs Torg 49, Malmo, Sweden"]
[Date "2024.05.02"]
[Round "6.4"]
[White "Keymer, Vincent"]
[Black "Abdusattorov, Nodirbek"]
[Result "0-1"]
[TimeControl "90 minutes for 40 moves + 30 minutes for the rest of the game + 30 seconds per move from move one. (Tiebreak rounds 8-12: 3 minutes + 2 seconds increment)"]
[WhiteTitle "GM"]
[BlackTitle "GM"]
[WhiteFideId "12940690"]
[BlackFideId "14204118"]
[WhiteElo "2726"]
[BlackElo "2765"]

1. Nf3 d5 2. e3 Nf6 3. c4 c6 4. Nc3 a6 5. d4 b5 6. b3 Bg4 7. a4 bxc4 8. bxc4 Nbd7 9. Be2 e6 10.
c5 a5 11. O-O Be7 12. Ne1 Bxe2 13. Qxe2 e5 14. Nd3 exd4 15. exd4 O-O 16. f3 Re8 17. Qc2 Nf8 18. Ne2 N6d7 19.
f4 Ne6 20. Bb2 Qc8 21. Ng3 Rb8 22. Rae1 Bh4 23. f5 Ng5 24. Rxe8+ Qxe8 25. Bc1 Ne4 26. Bf4 Rb7 27. Nh5 g6 28.
Ng3 Nxg3 29. hxg3 Bf6 30. Qc3 Qe4 31. Be5 Qe3+ 32. Kh2 Bxe5 33. dxe5 d4 34. Qc4 Nxe5 35. Nxe5 Qxe5 36. Qa6 Qc7 37. f6 h5 38. Qe2 Qd8 39.
Qe4 Rc7 40. Qf4 Kh7 41. g4 Rd7 42. Re1 Qf8 43. Re5 hxg4 44. Qxg4 Rd8 45. Qe4 Qh6+ 46. Kg1 d3 47. Qc4 Kg8 48.
Qe4 d2 49. Re8+ Rxe8 50. Qxe8+ Qf8 0-1

[Event "TePe Sigeman & Co Chess Tournament 2024"]
[Site "Elite Plaza Hotel, Gustav Adolfs Torg 49, Malmo, Sweden"]
[Date "2024.05.03"]
[Round "8.1"]
[White "Abdusattorov, Nodirbek"]
[Black "Erigaisi, Arjun"]
[Result "1/2-1/2"]
[TimeControl "90 minutes for 40 moves + 30 minutes for the rest of the game + 30 seconds per move from move one. (Tiebreak rounds 8-12: 3 minutes + 2 seconds increment)"]
[WhiteTitle "GM"]
[BlackTitle "GM"]
[WhiteFideId "14204118"]
[BlackFideId "35009192"]
[WhiteElo "2765"]
[BlackElo "2756"]

1. e4 e6 2. d4 d5 3. exd5 exd5 4. Nf3 Nf6 5. Bd3 Bd6 6. O-O O-O 7. h3 c5 8. dxc5 Bxc5 9. Nbd2 Nc6 10. Nb3 Bb6 11. c3 Re8 12. Re1 h6 13. Bf4 Ne4 14. Be3 Bc7 15.
Nbd4 Qf6 16. Qb3 Nxd4 17. Bxd4 Qd6 18. Qb4 Qg6 19. Re3 Bf4 20. Rae1 Bxe3 21. Rxe3 b6 22. Ne5 Qh5 23. Qb5 Be6 24.
Be2 Qh4 25. g3 Qf6 26. Rf3 Qe7 27.
h4 Nd6 28. Qb4 Nf5 29. Qa4 Nxd4 30. Qxd4 Bh3 31. Re3 Qd6 32. Bf3 Rad8 33. Kh2 Bf5 34. Qf4 Be6 35. Qd4 Qc5 36. b4 Qxd4 37.
cxd4 Rc8 38. Ra3 Rc7 39.
b5 Kf8 40. g4 Ree7 41. Kg3 Ke8 42.
Nc6 Red7 43. Kf4 f6 44. h5 Bf7 45.
Be2 Kf8 46. Bd3 Be8 47. Bf5 Rd6 48.
Nxa7 Rd8 49. Nc6 Bxc6 50. Rc3 Rd6 51. a4 Ke7 52. bxc6 Rdxc6 53. Rb3 Ra7 54. Rb4 Kd6 55. Bd3 Kc7 56. Kf5 Rc3 57. Bb5 Rf3+ 58. Kg6 Kd8 59. Bc6 Rf4 60. f3 Rxf3 61. Bxd5 Rf4 62. Be6 Ke7 63. Rxb6 Rxd4 64. Bf5 Rd6 65. Rb4 Rda6 66. Kxg7 Rxa4 67. Rb3 Ra3 68.
Rb8 Ra8 69. Rb7+ Kd6 70. Kxh6 R3a7 71. Rb6+ Ke5 72. Re6+ Kf4 73. Rxf6 Rh8+ 74. Kg6 Rg8+ 75. Kh6 Rh8+ 76. Kg6 Rg8+ 1/2-1/2

[Event "TePe Sigeman & Co Chess Tournament 2024"]
[Site "Elite Plaza Hotel, Gustav Adolfs Torg 49, Malmo, Sweden"]
[Date "2024.05.03"]
[Round "9.1"]
[White "Svidler, Peter"]
[Black "Abdusattorov, Nodirbek"]
[Result "0-1"]
[TimeControl "90 minutes for 40 moves + 30 minutes for the rest of the game + 30 seconds per move from move one. (Tiebreak rounds 8-12: 3 minutes + 2 seconds increment)"]
[WhiteTitle "GM"]
[BlackTitle "GM"]
[WhiteFideId "4102142"]
[BlackFideId "14204118"]
[WhiteElo "2689"]
[BlackElo "2765"]

1. c4 e5 2. g3 c6 3. d4 exd4 4. Qxd4 Nf6 5.
Nf3 Na6 6. Bg2 Bc5 7. Qe5+ Be7 8. Nc3 O-O 9. O-O Re8 10. Rd1 Bb4 11. Qf5 Nc5 12. Qc2 Qe7 13.
Nd4 d6 14. a3 Bxc3 15. Qxc3 Nce4 16. Qe3 d5 17. cxd5 Nxd5 18. Qd3 Bd7 19. Qc2 Rad8 20. f3 Nd6 21. e4 Nb6 22. Bf4 Ndc4 23. a4 c5 24. Nb5 Bxb5 25. axb5 g5 26. Bc1 Rxd1+ 27. Qxd1 Rd8 28. Qc2 Qe5 29. Bf1 Qd4+ 30. Qf2 Nd2 31. Bxd2 Qxf2+ 32. Kxf2 Rxd2+ 33. Ke3 Rxb2 34. Rxa7 c4 35. Rxb7 Rxb5 36. Kd4 Rb4 37. Kc5 Rb1 38. Bxc4 Na4+ 39. Kc6 Rxb7 40. Kxb7 g4 41. f4 Nc5+ 42. Kc6 Nxe4 43. Be2 h5 44. Kd5 Nc3+ 0-1

[Event "TePe Sigeman & Co Chess Tournament 2024"]
[Site "Elite Plaza Hotel, Gustav Adolfs Torg 49, Malmo, Sweden"]
[Date "2024.05.03"]
[Round "10.1"]
[White "Erigaisi, Arjun"]
[Black "Svidler, Peter"]
[Result "1-0"]
[TimeControl "90 minutes for 40 moves + 30 minutes for the rest of the game + 30 seconds per move from move one. (Tiebreak rounds 8-12: 3 minutes + 2 seconds increment)"]
[WhiteTitle "GM"]
[BlackTitle "GM"]
[WhiteFideId "35009192"]
[BlackFideId "4102142"]
[WhiteElo "2756"]
[BlackElo "2689"]

1. d4 d5 2. c4 e6 3. Nf3 a6 4. cxd5 exd5 5. Nc3 h6 6. Bf4 Nf6 7. e3 Bd6 8. Bxd6 Qxd6 9. Bd3 O-O 10. h3 Nc6 11. O-O Ne7 12.
Qc2 g6 13. Rac1 Bf5 14. Ne5 c5 15. Rfd1 Rac8 16. Qd2 Bxd3 17. Qxd3 c4 18. Qe2 b5 19. a3 Qe6 20. f3 Rb8 21.
e4 Rfd8 22. Qe3 Kg7 23. Ne2 Qd6 24. g4 a5 25. h4 b4 26. axb4 Rxb4 27. Rd2 Rdb8 28. Qxh6+ Kxh6 29. Nxf7+ Kg7 30.
Nxd6 Rxb2 31. Rcc2 R2b3 32. e5 Nd7 33.
f4 a4 34. f5 a3 35. Ra2 Rb2 36. Kf2 Rxd2 37. Rxd2 Nc6 38. Nc3 Rb3 39. Nxd5 c3 40. f6+ Kf8 41. Nxc3 Rxc3 42. g5 Rb3 43. Rd1 a2 44. Ra1 Ra3 45. e6 Nb6 46. h5 gxh5 47. g6 Nd5 48. g7+ Kg8 49. f7+ Kxg7 50. Rg1+ 1-0

[Event "TePe Sigeman & Co Chess Tournament 2024"]
[Site "Elite Plaza Hotel, Gustav Adolfs Torg 49, Malmo, Sweden"]
[Date "2024.05.03"]
[Round "11.1"]
[White "Abdusattorov, Nodirbek"]
[Black "Erigaisi, Arjun"]
[Result "1/2-1/2"]
[TimeControl "90 minutes for 40 moves + 30 minutes for the rest of the game + 30 seconds per move from move one. (Tiebreak rounds 8-12: 3 minutes + 2 seconds increment)"]
[WhiteTitle "GM"]
[BlackTitle "GM"]
[WhiteFideId "14204118"]
[BlackFideId "35009192"]
[WhiteElo "2765"]
[BlackElo "2756"]

1. e4 c5 2. Nf3 e6 3. Nc3 Nc6 4. d4 cxd4 5. Nxd4 Nf6 6. Qd3 d6 7. Be2 Be7 8. Be3 Bd7 9. Ndb5 Nb4 10.
Qd2 a6 11. Nd4 Qc7 12. O-O O-O 13. Rfd1 Rac8 14. a3 Nc6 15. a4 Na5 16. f3 Rfd8 17. Nb3 Kh8 18. Qe1 Bc6 19. Qf2 Nxb3 20. cxb3 Qb8 21. b4 Bd7 22.
b5 axb5 23. axb5 Re8 24. Ba7 Qc7 25. Bb6 Qb8 26. Rdc1 d5 27. exd5 Nxd5 28. Nxd5 exd5 29. Bf1 Qd6 30. Bd4 Kg8 31. b6 Bf6 32. Rxc8 Rxc8 33. Rd1 Ba4 34.
Rd2 Bg5 35. Re2 h6 36. Be5 Qg6 37. h4 Bf6 38. h5 Qf5 39. g4 Qg5 40. Qd4 Bxe5 41. Rxe5 Qf6 42. Rxd5 Qxd4+ 43. Rxd4 Bc6 44. Kf2 Kf8 45. Bd3 Ke7 46.
Ke3 Ra8 47. Be4 Bxe4 48. Rxe4+ Kf6 49. Kd4 Ra5 50. Kc4 g6 51. b4 Ra3 52. Rf4+ Ke6 53. hxg6 fxg6 54. Rf8 h5 55. g5 h4 56. f4 h3 57. Rf6+ Ke7 58. Rxg6 Rf3 59. Kd5 Rxf4 60. Rh6 Rxb4 61. Kc5 Rg4 62. Rh7+ Ke6 63. Rh6+ Ke7 64. Rxh3 Rxg5+ 65. Kb4 1/2-1/2

[Event "TePe Sigeman & Co Chess Tournament 2024"]
[Site "Elite Plaza Hotel, Gustav Adolfs Torg 49, Malmo, Sweden"]
[Date "2024.05.03"]
[Round "12.1"]
[White "Erigaisi, Arjun"]
[Black "Abdusattorov, Nodirbek"]
[Result "0-1"]
[TimeControl "90 minutes for 40 moves + 30 minutes for the rest of the game + 30 seconds per move from move one. (Tiebreak rounds 8-12: 3 minutes + 2 seconds increment)"]
[WhiteTitle "GM"]
[BlackTitle "GM"]
[WhiteFideId "35009192"]
[BlackFideId "14204118"]
[WhiteElo "2756"]
[BlackElo "2765"]

1. d4 d5 2. c4 c6 3. Nf3 Nf6 4. Nc3 a6 5. cxd5 cxd5 6. Bf4 Nc6 7. Rc1 e6 8. e3 Bd6 9. Bg3 O-O 10. Bd3 Re8 11. Ne5 Bxe5 12. dxe5 Nd7 13. f4 Nf8 14. O-O Bd7 15. e4 d4 16. Ne2 Nb4 17. Rf3 Qb6 18. Bf2 Nxd3 19.
Rxd3 Qxb2 20. Rc2 Qb6 21. Rxd4 Bc6 22. Rcd2 Qa5 23. h3 Rac8 24. Qb3 Ng6 25. Rb4 Bb5 26. a4 Bc4 27. Bb6 Qxb6+ 28. Rxb6 Bxb3 29. Rxb3 Rc4 30. Rd4 Rxd4 31. Nxd4 Nxf4 32. Rxb7 g5 33. Rb6 Rd8 34. Rd6 Rb8 35. Rxa6 Rb2 36.
a5 Rxg2+ 37. Kf1 Ra2 38.
Ra8+ Kg7 39. Ra7 Kg6 40. Ra8 Nxh3 41.
a6 g4 42. Rg8+ Kh5 43. Ne2 Rxa6 44. Rg7 Ng5 45. Nf4+ Kh6 46.
Rg8 Ra4 47. Kg2 Rxe4 48. Kg3 Rxe5 49. Kxg4 Re1 50. Kg3 Rg1+ 51. Ng2 e5 52. Re8 f6 53. Kf2 Ra1 54. Rg8 Kh5 55. Ne3 Ra2+ 56. Kf1 Ra4 57. Nd5 Ra6 58. Ne3 Kh4 59.
Nd5 Kg3 60. Ke2 Kg4 61. Ne3+ Kf4 62. Nd5+ Ke4 63. Nxf6+ Rxf6 64. Rxg5 Rh6 65. Rg4+ Kf5 66. Ra4 Rh3 67. Kf2 h5 68. Rb4 Rh1 69. Kg2 Re1 70. Kf2 Re4 71. Rb8 Rf4+ 72. Ke3 h4 73. Rf8+ Kg4 74. Rg8+ Kf5 75. Rf8+ Kg5 76. Rg8+ Kh6 77. Rh8+ Kg7 78. Rh5 Kf6 79. Rh8 Ra4 80. Kf3 h3 81. Rh5 Ra2 82. Ke4 h2 83. Rf5+ Kg6 84. Rf1 Kg5 85. Kxe5 Kg4 86. Ke4 Kg3 87. Kd4 0-1